 Dungeon Crawl Stone Soup version 0.27.1-33-g824d729ab1 (webtiles) character file.

Game seed: 15371964299116374281

70 Atelerd the Digger (level 4, -15/27 HPs)
             Began as an Octopode Earth Elementalist on Dec 22, 2021.
             Demolished by an ogre (25 damage)
             ... on level 2 of the Dungeon.
             The game lasted 00:01:26 (1872 turns).

Atelerd the Digger (Octopode Earth Elementalist)    Turns: 1872, Time: 00:01:26

Health: -15/27     AC:  1    Str:  7    XL:     4   Next: 22%
Magic:  8/8        EV: 13    Int: 18    God:
Gold:   46         SH:  0    Dex: 12    Spells: 3/8 levels left

rFire    . . .     SeeInvis .   c - +0 dagger
rCold    . . .     Faith    .   (no shield)
rNeg     . . .     Spirit   .   (helmet restricted)
rPois    .         Reflect  .   (no amulet)
rElec    .         Harm     .   (no ring)
rCorr    .         Rampage  .   (no ring)
Will     .....                  (no ring)
Stlth    +++.......             (no ring)
HPRegen  0.09/turn              (no ring)
MPRegen  0.11/turn              (no ring)
                                (no ring)
                                (no ring)

@: no status effects
A: almost no armour, amphibious, 8 rings, camouflage 1, gelatinous body 1,
(nimble swimmer 1), tentacles
a: no special abilities


You were on level 2 of the Dungeon.
You visited 1 branch of the dungeon, and saw 2 of its levels.

You collected 46 gold pieces.

Inventory:

Hand Weapons
 c - a +0 dagger (weapon)
Missiles
 b - 50 stones
Scrolls
 a - a scroll of identify {unknown}
 d - 2 scrolls of vulnerability {unknown}
Potions
 e - a potion of brilliance {unknown}
 f - a potion of berserk rage {unknown}
 g - a potion of invisibility {unknown}


   Skills:
 - Level 2.0 Dodging
 - Level 2.6 Stealth
 + Level 2.8 Spellcasting
 + Level 2.4 Transmutations
 + Level 3.7 Earth Magic


You had 3 spell levels left.
You knew the following spells:

 Your Spells              Type           Power      Damage    Failure   Level
a - Sandblast             Erth           30%        2d9       3%          1
p - Petrify               Tmut/Erth      13%        N/A       43%         4

Your spell library contained the following spells:

 Spells                   Type           Power      Damage    Failure   Level
 Passwall                 Tmut/Erth      10%        N/A       7%          2
 Stone Arrow              Conj/Erth      18%        3d8       24%         3


Dungeon Overview and Level Annotations

Branches:
Dungeon (2/15)

Altars:
Zin


Innate Abilities, Weirdness & Mutations

You cannot wear most types of armour.
You are amphibious.
You can wear up to eight rings at the same time.
Your skin changes colour to match your surroundings (Stealth+).
Your rubbery body absorbs attacks. (AC +1, EV +1)
((You are camouflaged near water. (Stealth+)))
You have tentacles for arms and can constrict up to eight enemies at once.


Message History

You kill the hobgoblin!
Casting: Sandblast (safe; 3% risk of failure)
Confirm with . or Enter, or press ? or * to list all spells.
You can't see any susceptible monsters within range! (Use Z to cast anyway.) Unknown command.
Casting: Sandblast (safe; 3% risk of failure)
Confirm with . or Enter, or press ? or * to list all spells.
You can't see any susceptible monsters within range! (Use Z to cast anyway.) Unknown command.
b - 50 stones (gained 30)
You see here a hobgoblin corpse.
Found a kite shield.
You see here a +0 kite shield.
Key pressed, stopping explore.
No target in view!
An ogre comes into view. It is wielding a +0 giant club.
Found 8 gold pieces.
An ogre is nearby!
Found a fizzy puce potion.
Found a glowing silver altar of Zin.
The ogre shouts!
An ogre is nearby!
An ogre is nearby!
You barely miss the ogre. The ogre hits you with a +0 giant club.
An ogre is nearby!
Unknown command.
You hit the ogre but do no damage. You hit the ogre.
The ogre is lightly wounded.
The ogre closely misses you.
A rat comes into view.
You hit the ogre but do no damage.
The ogre is lightly wounded.
The ogre hits you with a +0 giant club!
Ouch! That really hurt!
A rat comes into view.
You barely miss the rat. You grab the rat. You squeeze the rat.
You kill the rat!
The ogre hits you with a +0 giant club!!
Ouch! That really hurt!
You die...

##..# ..
#[..# ...
#.### ....
#.# ..## #.#
...# #.#
#..## ##.#
#..# #..#
#@####.##
#.O..#.#
####r#.#
#....#
#.#.## #.#.#
#.#.#
...####r#.##
#..........#


You could see an ogre and a rat.

Vanquished Creatures
  2 adders (D:2)
  A worm (D:2)
  A dart slug (D:1)
  An orc (D:2)
  4 endoplasms (D:1)
  5 giant cockroaches
  4 goblins
  5 hobgoblins
  2 jackals (D:1)
  A quokka (D:1)
  4 ball pythons (D:1)
  3 bats
  4 frilled lizards (D:1)
  4 kobolds
  2 rats
43 creatures vanquished.

Notes
Turn   | Place    | Note
-------+----------+-------------------------------------------
     0 | D:1      | Atelerd the Octopode Earth Elementalist began the quest for
                  | the Orb.
     0 | D:1      | Reached XP level 1. HP: 11/11 MP: 3/3
   266 | D:1      | Reached XP level 2. HP: 17/17 MP: 3/5
   406 | D:1      | Found a faded altar of an unknown god.
   575 | D:1      | Reached XP level 3. HP: 21/21 MP: 0/6
  1387 | D:2      | Reached XP level 4. HP: 27/27 MP: 8/8
  1654 | D:2      | Learned a level 4 spell: Petrify
  1854 | D:2      | Noticed an ogre
  1857 | D:2      | Found a glowing silver altar of Zin.
  1872 | D:2      | Demolished by an ogre

Illustrated notes

Levels and vault maps discovered:
D:1:      sevenhm_arrival_forest_fort_small_3, layout_basic,
          shapermc_ecumenical_altar_starsandcircs
D:2:      layout_rooms, basic_altar

Skill      XL: |  1  2  3 |
---------------+----------+-----
Transmutations | 2 |  2.4
Dodging        | |  2.0
Stealth        | |  2.6
Spellcasting   | |  2.8
Earth Magic    | |  3.7

Action                   |  1- 3 |  4- 6 || total
-------------------------+-------+-------++-------
Melee: Unarmed           |     9 |       ||     9
       Constrict         |    16 |     4 ||    20
       Tentacles         |     8 |     2 ||    10
       Dagger            |    28 |    21 ||    49
 Cast: Sandblast         |    35 |     4 ||    39
 Stab: Sleeping          |     4 |       ||     4
Armor: Skin              |     1 |     2 ||     3
Dodge: Dodged            |    30 |     9 ||    39
